 Dungeon Crawl Stone Soup version 0.29.0-11-gd7f09526c8 (webtiles) character file.

Game seed: 9373865736765151493

286 RascalDebosk the Shooter (level 6, -2/37 HPs)
             Began as a Tengu Hunter on Sept 3, 2022.
             Succumbed to a scorpion's poison
             ... on level 3 of the Dungeon.
             The game lasted 00:24:30 (1704 turns).

RascalDebosk the Shooter (Tengu Hunter)             Turns: 1704, Time: 00:24:35

Health: -2/37      AC:  3    Str: 11    XL:     6   Next: 30%
Magic:  7/7        EV: 16    Int:  9    God:
Gold:   13         SH:  0    Dex: 20    Spells: 5/5 levels left

rFire   . . .      SeeInvis .   a - +0 shortbow
rCold   . . .      Faith    .   (shield currently unavailable)
rNeg    . . .      Spirit   .   c - +0 leather armour
rPois   .          Reflect  .   (helmet restricted)
rElec   .          Harm     .   j - scarf {repulsion}
rCorr   .          Rampage  .   (no gloves)
Will    .....                   (boots unavailable)
Stlth   ++........              (no amulet)
HPRegen 0.12/turn               (no ring)
MPRegen 0.10/turn               (no ring)

@: lethally poisoned (-2 -> -15), flying quickly and evasively, repel missiles,
quick
A: beak, talons 3, nimble flight
a: no special abilities


You were on level 3 of the Dungeon.
You visited 1 branch of the dungeon, and saw 3 of its levels.

You collected 101 gold pieces.
You spent 88 gold pieces at shops.

Inventory:

Hand Weapons
 a - a +0 shortbow (weapon)
Armour
 c - a +0 leather armour (worn)
 j - a scarf of repulsion (worn)
Jewellery
 d - an amulet of magic regeneration
 i - a ring of wizardry
Wands
 s - a wand of flame (4)
Scrolls
 b - a scroll of immolation
 e - a scroll of blinking {unknown}
 f - a scroll of noise {unknown}
 g - 3 scrolls of identify {unknown}
 k - a scroll of butterflies {unknown}
 p - a scroll of vulnerability {unknown}
 r - a scroll of enchant armour {unknown}
Potions
 h - 3 potions of heal wounds {unknown}
 l - a potion of flight {unknown}
 m - a potion of degeneration
 o - a potion of might
 q - a potion of mutation {unknown}


   Skills:
 + Level 3.3 Fighting
 + Level 5.3 Ranged Weapons
 + Level 3.6 Dodging
 + Level 3.0 Stealth
 + Level 2.4 Evocations


You had 5 spell levels left.
You didn't know any spells.
Your spell library contained the following spells:

 Spells                   Type           Power      Damage    Failure   Level
 Ignite Poison            Fire/Tmut/Pois 0%         N/A       85%         3
 Mephitic Cloud           Conj/Pois/Air  0%         N/A       85%         3
 Freezing Cloud           Conj/Ice/Air   0%         6-21      100%        5


Dungeon Overview and Level Annotations

Branches:
Dungeon (3/15)

Altars:

Shops:
D:2 (:!


Innate Abilities, Weirdness & Mutations

You have a beak for a mouth.
You have claws for feet.
Your magical nature lets you fly swiftly and evasively.


Message History

You hear the quick rusting of a drain nearby.
You feel sick. The scorpion completely misses you.
You feel better. The scorpion barely misses you.
Fire: a) +0 shortbow
Press: ? - help, Q - select action, (/) - cycle Shift-Dir - straight line, f/p - scorpion
Aim: a scorpion (moderately wounded, 65% to hit)
You shoot an arrow. The arrow hits the scorpion.
The scorpion is moderately wounded.
The scorpion stings you. x2
You are poisoned.
The scorpion poisons you!
Fire: a) +0 shortbow
Press: ? - help, Q - select action, (/) - cycle Shift-Dir - straight line, f/p - scorpion
Aim: a scorpion (moderately wounded, 65% to hit)
You shoot an arrow.
The arrow hits the scorpion but does no damage.
The scorpion is moderately wounded.
You feel very sick.
The scorpion stings you but does no damage.
Fire: a) +0 shortbow
Press: ? - help, Q - select action, (/) - cycle Shift-Dir - straight line, f/p - scorpion
Aim: a scorpion (moderately wounded, 65% to hit)
You shoot an arrow. The arrow closely misses the scorpion.
You feel very sick. The scorpion closely misses you. x2
Fire: a) +0 shortbow
Press: ? - help, Q - select action, (/) - cycle Shift-Dir - straight line, f/p - scorpion
Aim: a scorpion (moderately wounded, 65% to hit)
You shoot an arrow. The arrow hits the scorpion.
The scorpion is heavily wounded.
You feel sick. The scorpion stings you!
* * * LOW HITPOINT WARNING * * *
You are more poisoned.
The scorpion poisons you!
Fire: a) +0 shortbow
Press: ? - help, Q - select action, (/) - cycle Shift-Dir - straight line, f/p - scorpion
Aim: a scorpion (heavily wounded, 65% to hit)
You shoot an arrow. The arrow hits the scorpion!
The scorpion is severely wounded.
You die...

#.#######.........
#......#†.........
#####....########
#####..............#
......#............#
.#####....#.#........#
......).....##########
######.#.†.......
.......@†.........
###....#s.........
#..####.......... ...
#.......... .
#.......... #.........
#......†. .......


You could see a scorpion.

Vanquished Creatures
  Sigmund (D:3)
  Jessica (D:2)
  Terence (D:3)
  Ijyb (D:3)
  An adder (D:2)
  A worm (D:2)
  3 dart slugs
  An orc (D:3)
  8 ball pythons
  An endoplasm (D:1)
  4 goblins
  3 hobgoblins
  4 kobolds
  2 quokkas
  3 bats
  6 frilled lizards
  8 rats
49 creatures vanquished.

Vanquished Creatures (others)
  A plant (D:2)
1 creature vanquished.

Grand Total: 50 creatures vanquished

Notes
Turn   | Place    | Note
-------+----------+-------------------------------------------
     0 | D:1      | RascalDebosk the Tengu Hunter began the quest for the Orb.
     0 | D:1      | Reached XP level 1. HP: 12/12 MP: 2/2
   143 | D:1      | Reached XP level 2. HP: 17/17 MP: 3/3
   341 | D:1      | Reached XP level 3. HP: 21/21 MP: 4/4
   356 | D:1      | Reached skill level 1 in Evocations
   499 | D:2      | Noticed Jessica
   504 | D:2      | Killed Jessica
   614 | D:2      | Reached XP level 4. HP: 27/27 MP: 5/5
   618 | D:2      | Found Ozev's Distillery.
   626 | D:2      | Bought a potion of degeneration for 11 gold pieces
   626 | D:2      | Bought a potion of curing for 33 gold pieces
   626 | D:2      | Bought a potion of might for 44 gold pieces
   695 | D:2      | Found Liqutapn's Antique Weapon Emporium.
   748 | D:2      | Found Gottitho's Book Boutique.
  1132 | D:3      | Noticed Sigmund
  1165 | D:3      | Killed Sigmund
  1166 | D:3      | Reached skill level 5 in Ranged Weapons
  1166 | D:3      | Gained mutation: Your magical nature lets you fly swiftly
                  | and evasively. [Tengu growth]
  1166 | D:3      | Reached XP level 5. HP: 29/32 MP: 6/6
  1166 | D:3      | Reached XP level 6. HP: 33/37 MP: 7/7
  1210 | D:3      | Noticed Ijyb
  1223 | D:3      | Killed Ijyb
  1513 | D:3      | Noticed Terence
  1535 | D:3      | Killed Terence
  1703 | D:3      | HP: 1/37 [scorpion (7)]
  1704 | D:3      | Succumbed to a scorpion's poison

Illustrated notes

Levels and vault maps discovered:
D:1:      eino_arrival_water_star, layout_rooms
D:2:      layout_rooms, serial_shops, shop, shop, nicolae_shop_statue_plus,
          serial_bayou_pond_a, uniq_jessica
D:3:      layout_basic, portal_sewer_entry_c, uniq_terence, uniq_ijyb,
          uniq_sigmund

Skill      XL: |  1  2  3  4  5  6 |
---------------+-------------------+-----
Evocations     | 1 2 |  2.4
Stealth        | 2 3 |  3.0
Fighting       | 3 |  3.3
Ranged Weapons | 5 |  5.3
Dodging        | 3 |  3.6

Action                   |  1- 3 |  4- 6 || total
-------------------------+-------+-------++-------
 Fire: Shortbow          |    66 |   104 ||   170
  Use: Potion            |       |     1 ||     1
Armor: Leather armour    |     7 |     9 ||    16
Dodge: Dodged            |    22 |    58 ||    80
       Repelled          |       |     2 ||     2
